AoeStats
← 17_Neo_

Arena

504982250Analyzed
1v1 RM · 25d ago on Sep 7, 2026· 31m 24s· 2 players
Game mode
Random Map
Map size
Tiny (2 player)
Population
200
Speed
Normal
Resources
Standard
Victory
Conquest
Starting age
Dark Age
Ending age
Imperial Age
RankedLock teamsTeams togetherTeam positionsShared explorationLock speedFull tech treeHidden civsTurbo modeCheats
Victory
Defeat
🇹🇼 Burgundians · Taiwan
1697
+18
🇨🇴 Byzantines · Colombia
1737
-18
大猫吃小鱼
3:26 Double-Bit Axe
10:45 Feudal Age
14:50 Castle Age
13:12 Bow Saw
13:10 Horse Collar
14:15 Heavy Plow
17:42 Loom
18:07 Loom
21:19 Wheelbarrow
21:13 Gold Mining
22:36 Gold Shaft Mining
22:20 Hand Cart
26:43 Imperial Age
24:27 Scale Mail Armor
24:37 Forging
24:44 Squires
25:47 Chain Mail Armor
26:44 Iron Casting
27:19 Capped Ram
28:49 Plate Mail Armor
29:32 Chemistry
30:10 Blast Furnace
30:13 Padded Archer Armor
17_Neo_
10:37 Feudal Age
11:52 Wheelbarrow
14:35 Castle Age
12:52 Horse Collar
13:38 Double-Bit Axe
21:02 Bow Saw
27:19 Imperial Age
25:29 Hand Cart
25:01 Loom
25:50 Squires
25:11 Pikeman
26:14 Heavy Plow
26:33 Scale Mail Armor
26:49 Gold Mining
26:50 Stone Mining
27:12 Forging
28:09 Chain Mail Armor
28:17 Ballistics
29:02 Chemistry
28:23 Ballistics
27:47 Crossbowman
28:33 Thumb Ring
28:43 Fletching
29:03 Padded Archer Armor
30:26 Leather Archer Armor
Connection lost

Rejoining the realm…

Still unreachable

The connection could not be restored.

Session expired

The server has moved on; the page needs a fresh start.